SAAA
PHOENIX HOTSPUR RESERVES @ ELLENBURG FIGHTING DACHSUNDS
08/18/2027
 
TOP OF THE 1ST
Phoenix Hotspur Reserves batting - Pitching for Ellenburg Fighting Dachsunds : RHP Willie Cameron
Pitching: RHP Willie Cameron
Batting: RHB Wilson Castillo 0-0: Ball
1-0: Called Strike
1-1: Foul Ball, location: 2F
1-2: Fly out, F7 (Flyball, 78M)
Batting: RHB Jesús Álvarez 0-0: Called Strike
0-1: Called Strike
0-2: Ball
1-2: Strikes out looking
Batting: RHB Jesús Mejía 0-0: Called Strike
0-1: Ball
1-1: Ball
2-1: SINGLE (Line Drive, 8LS)
Batting: RHB Martín Martínez 0-0: Fly out, F4 (Popup, 4D)
Top of the 1st over - 0 run(s), 1 hit(s), 0 error(s), 1 left on base; Phoenix 0 - Ellenburg 0
BOTTOM OF THE 1ST
Ellenburg Fighting Dachsunds batting - Pitching for Phoenix Hotspur Reserves : LHP Mike Harris
Pitching: LHP Mike Harris
Batting: LHB José Ortega 0-0: Ball
1-0: Foul Ball, location: 2F
1-1: Foul Ball, location: 2F
1-2: Ball
2-2: Ball
3-2: Foul Ball, location: 2F
3-2: Ground out U3 (Groundball, 3L)
Batting: RHB José Vázquez 0-0: Ball
1-0: Swinging Strike
1-1: SINGLE (Groundball, 56D)
Batting: SHB Dylan Carson 0-0: Ball
1-0: Fielders Choice at 2nd, 1-4 (Groundball, 15)
Batting: RHB Preston Hernández 0-0: Ball
Dylan Carson is caught stealing 2nd base
Bottom of the 1st over - 0 run(s), 1 hit(s), 0 error(s), 0 left on base; Phoenix 0 - Ellenburg 0
TOP OF THE 2ND
Phoenix Hotspur Reserves batting - Pitching for Ellenburg Fighting Dachsunds : RHP Willie Cameron
Batting: RHB Júlio Mateo 0-0: Ball
1-0: Ball
2-0: Foul Ball, location: 2F
2-1: Ball
3-1: Foul Ball, location: 2F
3-2: Foul Ball, location: 2F
3-2: Foul Ball, location: 2F
3-2: Foul Ball, location: 2F
3-2: Base on Balls
Batting: RHB Billy Strauss 0-0: Called Strike
0-1: Ball
1-1: Swinging Strike
1-2: Strikes out swinging
Batting: RHB Pepe Reyes 0-0: Foul Ball, location: 2F
0-1: Ball
1-1: Called Strike
1-2: Ball
2-2: Ball
3-2: Foul Ball, location: 2F
3-2: Strikes out swinging
Batting: RHB Javier González 0-0: Foul Ball, location: 2F
0-1: Ball
1-1: Ball
2-1: Foul Ball, location: 2F
2-2: Ground out 5-3 (Groundball, 56S)
Top of the 2nd over - 0 run(s), 0 hit(s), 0 error(s), 1 left on base; Phoenix 0 - Ellenburg 0
BOTTOM OF THE 2ND
Ellenburg Fighting Dachsunds batting - Pitching for Phoenix Hotspur Reserves : LHP Mike Harris
Batting: RHB Preston Hernández 0-0: Ball
1-0: Called Strike
1-1: Ground out 5-3 (Groundball, 56S)
Batting: RHB Juan Ramos 0-0: SINGLE (Line Drive, 89S)
Batting: RHB Gonzalo Sánchez 0-0: Grounds into double play, 4-6-3 (Groundball, 4)
Bottom of the 2nd over - 0 run(s), 1 hit(s), 0 error(s), 0 left on base; Phoenix 0 - Ellenburg 0
TOP OF THE 3RD
Phoenix Hotspur Reserves batting - Pitching for Ellenburg Fighting Dachsunds : RHP Willie Cameron
Batting: RHB Bob Curry 0-0: Bunt missed!
0-1: Fly out, F7 (Flyball, 78S)
Batting: RHB Wilson Castillo 0-0: Swinging Strike
0-1: Called Strike
0-2: Ball
1-2: Foul Ball, location: 2F
1-2: Ball
2-2: Ground out 4-3 (Groundball, 4MS)
Batting: RHB Jesús Álvarez 0-0: Ball
1-0: Ground out 5-3 (Groundball, 56)
Top of the 3rd over - 0 run(s), 0 hit(s), 0 error(s), 0 left on base; Phoenix 0 - Ellenburg 0
BOTTOM OF THE 3RD
Ellenburg Fighting Dachsunds batting - Pitching for Phoenix Hotspur Reserves : LHP Mike Harris
Batting: RHB Ron Johnston 0-0: Ball
1-0: Called Strike
1-1: Ground out 5-3 (Groundball, 56)
Batting: RHB Roy Bowman 0-0: Swinging Strike
0-1: Foul Ball, location: 2F
0-2: Ball
1-2: Strikes out swinging
Batting: RHB Marty Jennings 0-0: Called Strike
0-1: Hit by Pitch
Batting: LHB José Ortega 0-0: Ball
1-0: Ball
2-0: Fly out, F8 (Flyball, 8RM)
Bottom of the 3rd over - 0 run(s), 0 hit(s), 0 error(s), 1 left on base; Phoenix 0 - Ellenburg 0
TOP OF THE 4TH
Phoenix Hotspur Reserves batting - Pitching for Ellenburg Fighting Dachsunds : RHP Willie Cameron
Batting: RHB Jesús Mejía 0-0: Ball
1-0: Ball
2-0: Ball
3-0: Called Strike
3-1: Fly out, F4 (Popup, 34D)
Batting: RHB Martín Martínez 0-0: Ball
1-0: Ball
2-0: Fly out, F6 (Line Drive, 6)
Batting: RHB Júlio Mateo 0-0: Called Strike
0-1: Fly out, F4 (Popup, 4D)
Top of the 4th over - 0 run(s), 0 hit(s), 0 error(s), 0 left on base; Phoenix 0 - Ellenburg 0
BOTTOM OF THE 4TH
Ellenburg Fighting Dachsunds batting - Pitching for Phoenix Hotspur Reserves : LHP Mike Harris
Batting: RHB José Vázquez 0-0: Called Strike
0-1: Ball
1-1: Ball
2-1: Ball
3-1: Base on Balls
Batting: SHB Dylan Carson 0-0: Fly out, F8 (Line Drive, 8LD)
Batting: RHB Preston Hernández 0-0: Ball
1-0: Foul Ball, location: 2F
1-1: Grounds into double play, 4-6-3 (Groundball, 4M)
Bottom of the 4th over - 0 run(s), 0 hit(s), 0 error(s), 0 left on base; Phoenix 0 - Ellenburg 0
TOP OF THE 5TH
Phoenix Hotspur Reserves batting - Pitching for Ellenburg Fighting Dachsunds : RHP Willie Cameron
Batting: RHB Billy Strauss 0-0: Fly out, F8 (Flyball, 8LM)
Batting: RHB Pepe Reyes 0-0: Ground out 5-3 (Groundball, 56)
Batting: RHB Javier González 0-0: Foul Ball, location: 2F
0-1: Called Strike
0-2: Ball
1-2: Strikes out looking
Top of the 5th over - 0 run(s), 0 hit(s), 0 error(s), 0 left on base; Phoenix 0 - Ellenburg 0
BOTTOM OF THE 5TH
Ellenburg Fighting Dachsunds batting - Pitching for Phoenix Hotspur Reserves : LHP Mike Harris
Batting: RHB Juan Ramos 0-0: Ball
1-0: Ball
2-0: Ball
3-0: Base on Balls
Batting: RHB Gonzalo Sánchez 0-0: Ball
1-0: Sac Bunt - play at first, batter OUT! 1-3
Juan Ramos to second
Batting: RHB Ron Johnston 0-0: Called Strike
0-1: Ball
1-1: Foul Ball, location: 2F
1-2: Ball
2-2: Ball
3-2: Foul Ball, location: 2F
3-2: Base on Balls
Batting: RHB Roy Bowman 0-0: Called Strike
0-1: Ball
1-1: SINGLE (Groundball, 6D)
Juan Ramos to third
Ron Johnston to second
Runner from 3rd tries for Home, SAFE, throw made home
Ron Johnston to third
Roy Bowman to second
Batting: RHB Marty Jennings 0-0: Called Strike
0-1: Ball
1-1: Called Strike
1-2: Fly out, F8 (Flyball, 8LM)
Runner from 3rd tags up, SCORES, throw made
Batting: LHB José Ortega 0-0: Called Strike
0-1: Ball
1-1: Foul Ball, location: 2F
1-2: SINGLE (Line Drive, 5D)
Roy Bowman to third
Runner from 3rd tries for Home, SAFE, no throw
Batting: RHB José Vázquez 0-0: Called Strike
José Ortega steals 2nd base
0-1: Foul Ball, location: 2F
0-2: TRIPLE (Flyball, 9LM)
José Ortega scores
Batting: SHB Dylan Carson 0-0: Called Strike
0-1: Swinging Strike
0-2: Foul Ball, location: 2F
0-2: Ground out 5-3 (Groundball, 56)
Bottom of the 5th over - 4 run(s), 3 hit(s), 0 error(s), 1 left on base; Phoenix 0 - Ellenburg 4
TOP OF THE 6TH
Phoenix Hotspur Reserves batting - Pitching for Ellenburg Fighting Dachsunds : RHP Willie Cameron
Batting: RHB Bob Curry 0-0: Swinging Strike
0-1: Ball
1-1: Ball
2-1: Ground out 1-3 (Groundball, 13)
Batting: RHB Wilson Castillo 0-0: Ball
1-0: Ground out 6-3 (Groundball, 6)
Batting: RHB Jesús Álvarez 0-0: Called Strike
0-1: Called Strike
0-2: Ball
1-2: Foul Ball, location: 2F
1-2: Foul Ball, location: 2F
1-2: Ground out 5-3 (Groundball, 56S)
Top of the 6th over - 0 run(s), 0 hit(s), 0 error(s), 0 left on base; Phoenix 0 - Ellenburg 4
BOTTOM OF THE 6TH
Ellenburg Fighting Dachsunds batting - Pitching for Phoenix Hotspur Reserves : LHP Mike Harris
Batting: RHB Preston Hernández 0-0: Called Strike
0-1: Foul Ball, location: 2F
0-2: Strikes out swinging
Batting: RHB Juan Ramos 0-0: Called Strike
0-1: Swinging Strike
0-2: Ball
1-2: Ball
2-2: Foul Ball, location: 2F
2-2: Foul Ball, location: 2F
2-2: Fly out, F7 (Line Drive, 7)
Batting: RHB Gonzalo Sánchez 0-0: Called Strike
0-1: Ball
1-1: Ball
2-1: Swinging Strike
2-2: Ground out 4-3 (Groundball, 4)
Bottom of the 6th over - 0 run(s), 0 hit(s), 0 error(s), 0 left on base; Phoenix 0 - Ellenburg 4
TOP OF THE 7TH
Phoenix Hotspur Reserves batting - Pitching for Ellenburg Fighting Dachsunds : RHP Willie Cameron
Batting: RHB Jesús Mejía 0-0: Ball
1-0: SINGLE (Line Drive, 6MD)
Pitching: LHP Bill Edmonds
Batting: RHB Martín Martínez 0-0: Ball
1-0: Ball
2-0: Ball
3-0: Base on Balls
Jesús Mejía to second
Batting: RHB Júlio Mateo 0-0: Foul Ball, location: 2F
0-1: Ball
1-1: Swinging Strike
1-2: Foul Ball, location: 2F
1-2: Hit by Pitch
Jesús Mejía to third
Martín Martínez to second
Batting: RHB Billy Strauss 0-0: Ball
1-0: Ground out 5-3 (Groundball, 56S)
Jesús Mejía scores
Martín Martínez to third
Júlio Mateo to second
Batting: RHB Pepe Reyes 0-0: Called Strike
0-1: Swinging Strike
0-2: Strikes out swinging
Batting: RHB Javier González 0-0: Ball
1-0: Ball
2-0: Foul Ball, location: 2F
2-1: Ball
3-1: Called Strike
3-2: Strikes out looking
Top of the 7th over - 1 run(s), 1 hit(s), 0 error(s), 2 left on base; Phoenix 1 - Ellenburg 4
BOTTOM OF THE 7TH
Ellenburg Fighting Dachsunds batting - Pitching for Phoenix Hotspur Reserves : LHP Mike Harris
Batting: RHB Ron Johnston 0-0: Called Strike
0-1: Ball
1-1: Swinging Strike
1-2: Ball
2-2: Foul Ball, location: 2F
2-2: Foul Ball, location: 2F
2-2: Ground out 5-3 (Groundball, 5)
Batting: RHB Roy Bowman 0-0: Foul Ball, location: 2F
0-1: Ball
1-1: Fly out, F8 (Flyball, 8RS)
Batting: RHB Marty Jennings 0-0: Ball
1-0: Foul Ball, location: 2F
1-1: Foul Ball, location: 2F
1-2: Strikes out swinging
Bottom of the 7th over - 0 run(s), 0 hit(s), 0 error(s), 0 left on base; Phoenix 1 - Ellenburg 4
TOP OF THE 8TH
Phoenix Hotspur Reserves batting - Pitching for Ellenburg Fighting Dachsunds : LHP Bill Edmonds
Batting: RHB Bob Curry 0-0: Ball
1-0: Swinging Strike
1-1: Ground out 5-3 (Groundball, 56)
Batting: RHB Wilson Castillo 0-0: Called Strike
0-1: Ball
1-1: Foul Ball, location: 2F
1-2: SINGLE (Groundball, 6MD)
Pitching: RHP Garrett Harrington
Batting: RHB Jesús Álvarez 0-0: Called Strike
0-1: Ball
1-1: Ball
2-1: Ground out 3-1 (Groundball, 34)
Wilson Castillo to second
Batting: RHB Jesús Mejía 0-0: Ball
1-0: Foul Ball, location: 2F
1-1: Ground out 6-3 (Groundball, 6)
Top of the 8th over - 0 run(s), 1 hit(s), 0 error(s), 1 left on base; Phoenix 1 - Ellenburg 4
BOTTOM OF THE 8TH
Ellenburg Fighting Dachsunds batting - Pitching for Phoenix Hotspur Reserves : LHP Mike Harris
Batting: LHB José Ortega 0-0: Foul Ball, location: 2F
0-1: Ball
1-1: Foul Ball, location: 2F
1-2: Ball
2-2: Ball
3-2: SINGLE (Groundball, 4D)
Batting: RHB José Vázquez 0-0: Fly out, F9 (Flyball, 9LM)
Pitching: LHP Ricardo Sánchez
Batting: SHB Dylan Carson 0-0: Ball
1-0: Foul Ball, location: 2F
1-1: Called Strike
1-2: Ball
José Ortega steals 2nd base
2-2: Ball
3-2: Foul Ball, location: 2F
3-2: Foul Ball, location: 2F
3-2: Base on Balls
Batting: RHB Preston Hernández 0-0: Called Strike
Throwing error on steal attempt, E2
José Ortega scores
Dylan Carson to third
0-1: Ground out 3-1 (Groundball, 34S)
Dylan Carson scores
Batting: RHB Juan Ramos 0-0: Ball
1-0: Ball
2-0: Foul Ball, location: 2F
2-1: Fly out, F9 (Flyball, 89S)
Bottom of the 8th over - 2 run(s), 1 hit(s), 1 error(s), 0 left on base; Phoenix 1 - Ellenburg 6
TOP OF THE 9TH
Phoenix Hotspur Reserves batting - Pitching for Ellenburg Fighting Dachsunds : RHP Garrett Harrington
Batting: RHB Martín Martínez 0-0: Called Strike
0-1: DOUBLE (Line Drive, 78D)
Batting: RHB Júlio Mateo 0-0: Called Strike
0-1: Foul Ball, location: 2F
0-2: Strikes out swinging
Batting: RHB Billy Strauss 0-0: Called Strike
0-1: Foul Ball, location: 2F
0-2: Ball
1-2: Foul Ball, location: 2F
1-2: Ball
2-2: Ball
3-2: Strikes out swinging
Batting: RHB Pepe Reyes 0-0: Swinging Strike
0-1: Foul Ball, location: 2F
0-2: Strikes out swinging
Top of the 9th over - 0 run(s), 1 hit(s), 0 error(s), 1 left on base; Phoenix 1 - Ellenburg 6
Saturday, May 26th, 2018 - OOTP Baseball 17.12 Build 75